 Dungeon Crawl Stone Soup version 0.20-a0-1050-g57248f3 (webtiles) character file.

87847 M4edhros the Blocker (level 15, -11/113 HPs)
             Began as an Octopode Fighter on Apr 25, 2017.
             Was the Champion of Cheibriados.
             Engulfed by a cloud of freezing vapour (86 damage)
             ... on level 2 of the Abyss.
             The game lasted 00:54:45 (18221 turns).

M4edhros the Blocker (Octopode Fighter)            Turns: 18221, Time: 00:54:46

Health: -11/113    AC: 32    Str: 35    XL:     15   Next: 92%
Magic:  18/23      EV: 30    Int: 26    God:    Cheibriados [******]
Gold:   747        SH: 17    Dex: 36    Spells: 4/28 levels left

rFire    + . .     SeeInvis .   A - +0 scimitar (vamp)
rCold    x . .     Gourm    .   q - +0 shield {AC+3}
rNeg     + . .     Faith    .   P - +2 hat
rPois    ∞         Spirit   .   M - amulet of regeneration
rElec    +         Reflect  .   i - +6 ring of evasion
rCorr    .         Harm     .   p - +5 ring of slaying
MR       +....     Clarity  +   G - ring of poison resistance
Stlth    +++++++...             h - +2 ring of dexterity
Regen    0.7/turn               (no ring)
MPRegen  0.2/turn               W - ring of wizardry
                                k - ring "Esacamm" {Fire Str+4 Dex+2}
                                u - +3 ring of evasion

@: statue-form, very slow
A: almost no armour, stealthy swim, amphibious, 8 rings, constrict 8, antennae
1, camouflage 1, blurry vision 1, clarity, frail 1, low mp 1, screaming 1, wild
magic 1, MP-powered wands
a: End Transformation, Bend Time, Temporal Distortion, Slouch, Step From Time,
Renounce Religion


You were on level 2 of the Abyss.
You worshipped Cheibriados.
Cheibriados was exalted by your worship.
You were near starving.
You were a stone statue.
You visited 4 branches of the dungeon, and saw 24 of its levels.
You visited the Abyss 1 time.
You also visited: Ice Cave.

You collected 2055 gold pieces.
You spent 1308 gold pieces at shops.

Inventory:

Hand Weapons
 e - a +0 scimitar of electrocution
 A - a +0 vampiric scimitar (weapon)
 F - a +4 scimitar of flaming
 L - the +11 hunting sling of the Reaper {venom, rPois rN+ Str-3}
   (You found it on level 10 of the Dungeon)

   It poisons the ammo it fires.
   It affects your strength (-3).
   It protects you from poison.
   It protects you from negative energy.
Missiles
 a - 210 stones
 t - 13 curare-tipped needles
 x - a javelin (quivered)
 J - 20 sling bullets
Armour
 n - a +1 large shield
 q - a +0 shield of protection (worn)
 P - a +2 hat (worn)
Jewellery
 f - an uncursed ring of ice
 h - a +2 ring of dexterity (on tentacle)
 i - a +6 ring of evasion (left tentacle)
 k - the ring "Esacamm" (on tentacle) {Fire Str+4 Dex+2}
   (You bought it in a shop on level 2 of the Orcish Mines)

   [ring of fire]

   It enhances your fire magic.
   It affects your strength (+4).
   It affects your dexterity (+2).
   It protects you from fire.
   It makes you vulnerable to cold.
 p - a +5 ring of slaying (right tentacle)
 u - a +3 ring of evasion (on tentacle)
 G - a ring of poison resistance (on tentacle)
 M - an amulet of regeneration (around mantle)
 W - a ring of wizardry (on tentacle)
Wands
 r - a wand of clouds (2/9)
 w - a wand of iceblast (3/15)
 C - a wand of lightning (5/15)
 I - a wand of acid (8/15)
 O - a wand of iceblast (9/15)
 S - a wand of digging (6/24)
 U - a wand of lightning (7/15)
 X - a wand of lightning (5/15)
 Y - a wand of paralysis (14/24)
Scrolls
 m - 3 scrolls of teleportation
 o - 6 scrolls of immolation
 y - a scroll of brand weapon
 E - 2 scrolls of blinking
 V - 2 scrolls of enchant armour
Potions
 c - 2 potions of might
 s - 4 potions of cancellation
 v - 6 potions of curing
 z - a potion of resistance
 B - a potion of invisibility
 H - 5 potions of flight
 K - 4 potions of brilliance
 N - a potion of heal wounds
 T - 3 potions of agility
 Z - 2 potions of magic {unknown}
Miscellaneous
 b - a phantom mirror
 g - a fan of gales
 R - a sack of spiders
Comestibles
 d - 4 bread rations
 j - a royal jelly
 l - 9 meat rations
 D - 29 fruits


   Skills:
 + Level 7.5 Fighting
 - Level 9.2 Long Blades
 + Level 7.4 Dodging
 - Level 9.2 Stealth
 * Level 13.0 Shields
 - Level 7.5 Unarmed Combat
 + Level 7.1 Spellcasting
 - Level 3.8 Conjurations
 * Level 9.1 Transmutations
 - Level 4.2 Air Magic
 * Level 9.2 Earth Magic
 - Level 4.7 Poison Magic
 - Level 7.7 Invocations
 - Level 7.0 Evocations


You had 4 spell levels left.
You knew the following spells:

 Your Spells              Type           Power        Failure   Level  Hunger
a - Mephitic Cloud        Conj/Pois/Air  #####...     2%          3    None
b - Statue Form           Tmut/Erth      ######...    14%         6    ######.
c - Sticky Flame          Conj/Fire      #####...     19%         4    ###....
d - Iron Shot             Conj/Erth      ######....   38%         6    ######.
e - Yara's Violent Unrav  Hex/Tmut       #####.....   17%         5    #####..


Dungeon Overview and Level Annotations

Branches:
Dungeon (15/15)            Temple (1/1) D:4            Lair (6/6) D:9
  Swamp (0/4) Lair:3        Snake (0/4) Lair:2        Slime (0/5) Lair:6
    Orc (2/2) D:11            Elf (0/3) Orc:2        Depths (0/5) D:15
 Vaults: D:13-14

Altars:
Ashenzari
Cheibriados
Dithmenos
Elyvilon
Fedhas
Gozag
Hepliaklqana
Makhleb
Nemelex Xobeh
Okawaru
Qazlal
Ru
Sif Muna
Trog
Uskayaw
Vehumet
Wu Jian
Xom
Yredelemnul
Zin
The Shining One
Beogh

Shops:
D:4 =   D:9 (   D:11 [   Orc:2 }=([*=

Annotations:
D:13 Psyche
Lair:6 Kirke


Innate Abilities, Weirdness & Mutations

You cannot wear most types of armour.
You are very stealthy in the water. (Stealth+)
You are amphibious.
You can wear up to eight rings at the same time.
You can use your tentacles to constrict eight enemies at once.
Your skin changes colour to match your surroundings (Stealth+).
((Your rubbery body absorbs attacks. (AC +1, EV +1)))
You have a pair of small antennae on your head.
((You are mostly covered in icy blue scales. (AC +3)))
Scrolls take you a little longer to read.
You possess an exceptional clarity of mind.
You are frail. (-10% HP)
Your magical capacity is low. (-10% MP)
You occasionally shout uncontrollably at your foes.
Your spells are a little harder to cast, but a little more powerful.
You expend magic power (3 MP) to strengthen your wands.


Message History

You turn into a living statue of rough stone.
You are near starving!
The stone giant zombie misses you.
You riposte.
You slash the stone giant zombie! You squeeze the stone giant zombie!
The stone giant zombie is severely damaged.
You hit the stone giant zombie. You squeeze the stone giant zombie!!
The stone giant zombie is almost destroyed.
You block the stone giant zombie's attack.
Unknown command.
You hit the stone giant zombie but do no damage.
You tentacle-slap the stone giant zombie!
You destroy the stone giant zombie!
Cheibriados thoroughly appreciates the change of pace.
No target in view!
Unknown command.
You enter the deep water.
You sink to the bottom.
Moving in this stuff is going to be slow.
You are engulfed in freezing vapours.
Ouch! That really hurt!
You die...

### ##§≈## # #
##§##≈######.#
#≈.........'.
##.........' #
#.........'.###
##...####≈##...#
#8...# #§### . #
#§#.#[##§# ##.##
#≈##..!##§###
#..# #§##)#:#§#
#..# ## #§
#)?.≈# #### ≈#
##...## ...
....# '. ....
..... ≈


There were no monsters in sight!

Vanquished Creatures
  Gastronok (Lair:1)
  2 orc warlords
  2 red draconians (Abyss:2)
  A white draconian (Abyss:2)
  A fire dragon (Lair:6)
  Josephine (D:10)
  An ice dragon (Lair:1)
  A hydra (Lair:6)
  A vault guard (D:13)
  7 two-headed ogres
  Erica (D:10)
  A centaur warrior (D:13)
  4 orc high priests (Orc:2)
  3 death yaks (Lair:6)
  A dancing weapon (Abyss:2)
  A titan zombie (D:15)
  A vampire mage (D:15)
  Nergalle (Orc:1)
  2 large abominations (Abyss:2)
  5 skeletal warriors
  A fire crab (Abyss:2)
  A sixfirhy (Abyss:2)
  An unseen horror (D:11)
  2 lindwurms (Lair:6)
  The ghost of Zaque the Martial Artist, a novice OpTm (D:6)
  Pikel (D:7)
  2 deep elf magi (D:15)
  9 ugly things
  5 orc knights
  A stone giant zombie (Abyss:2)
  A necromancer (D:15)
  4 orc sorcerers (Orc:2)
  8 cyclopes
  6 elephants (Lair:2)
  A manticore (D:14)
  6 black mambas
  A gargoyle (D:15)
  2 centaur zombies
  7 spiny frogs
  5 torpor snails (Lair:6)
  2 centaur skeletons
  A yaktaur zombie (D:15)
  A demonic crawler (Abyss:2)
  An efreet (D:15)
  2 rime drakes (Lair:3)
  A komodo dragon (Lair:1)
  An ice devil (Abyss:2)
  3 tyrant leeches (Lair:6)
  An ancient zyme (Abyss:2)
  2 tengu conjurers (D:15)
  3 trolls
  3 polar bears
  9 hornets
  6 slime creatures
  A harpy skeleton (D:15)
  9 hippogriffs
  An ettin zombie (D:15)
  12 blink frogs
  6 wraiths
  A spriggan skeleton (D:15)
  2 wyverns
  Sigmund (D:6)
  A ynoxinul (Abyss:2)
  39 yaks
  10 humans (D:13)
  Grum (D:8)
  A basilisk (Lair:3)
  A hungry ghost (D:11)
  6 hogs (Lair:6)
  4 vampire mosquitoes
  5 wargs
  4 nagas (Lair:2)
  2 acid dragons
  8 porcupines
  7 water moccasins
  A slave (D:7)
  4 black bears
  35 orc warriors
  4 ice beasts
  4 sky beasts
  A necrophage (D:14)
  2 phantoms
  8 ogres
  19 wolves
  2 centaurs
  18 crocodiles
  A big kobold (D:9)
  10 bullfrogs
  3 scorpions
  5 killer bees (D:10)
  11 wights
  An electric eel (Lair:3)
  3 howler monkeys
  A crimson imp (D:15)
  A bullfrog zombie (D:6)
  4 hounds
  4 bullfrog skeletons
  19 orc priests
  2 jellies
  21 orc wizards
  5 iguanas
  Terence (D:3)
  A worker ant (D:5)
  A hound skeleton (D:4)
  A howler monkey skeleton (D:9)
  4 gnolls
  7 adders
  4 shadow imps
  3 white imps
  A worker ant simulacrum (D:8)
  4 oozes
  3 worms
  4 dart slugs
  3 leopard geckos
  87 orcs
  3 ball pythons
  6 giant cockroaches
  6 hobgoblins
  12 jackals
  5 quokkas
  11 bats
  5 frilled lizards
  A giant cockroach zombie (D:5)
  12 goblins
  A jackal skeleton (D:5)
  9 kobolds
  2 leopard gecko skeletons
  A quokka simulacrum (D:8)
  2 rats
  2 butterflies (Lair:6)
  A fungus (Lair:1)
  2 plants (Lair:6)
655 creatures vanquished.

Vanquished Creatures (collateral kills)
  A komodo dragon (Lair:6)
1 creature vanquished.

Vanquished Creatures (others)
  A centaur skeleton (D:15)
  A slave (D:7)
  2 orc wizards (D:7)
  An orc (D:8)
  9 fungi (D:9)
  5 plants
19 creatures vanquished.

Grand Total: 675 creatures vanquished

Notes
Turn   | Place    | Note
-------+----------+-------------------------------------------
     0 | D:1      | M4edhros the Octopode Fighter began the quest for the Orb.
     0 | D:1      | Reached XP level 1. HP: 16/16 MP: 1/1
   267 | D:2      | Found a sparkling altar of Nemelex Xobeh.
   278 | D:2      | Reached XP level 2. HP: 18/21 MP: 2/2
   369 | D:2      | Reached XP level 3. HP: 26/26 MP: 3/3
   540 | D:4      | Noticed a scorpion
   544 | D:4      | Gained mutation: You expend magic power (3 MP) to strengthen your wands. [potion of mutation]
   544 | D:4      | Gained mutation: You are partially covered in thin metallic scales. (AC +2) [potion of mutation]
   544 | D:4      | Gained mutation: Your mind is acute. (Int +2) [potion of mutation]
   554 | D:4      | Killed a scorpion
   554 | D:4      | Reached XP level 4. HP: 22/31 MP: 4/4
   575 | D:4      | Reached skill level 5 in Long Blades
   575 | D:4      | Reached XP level 5. HP: 25/36 MP: 5/5
   588 | D:5      | Entered Level 5 of the Dungeon
   873 | D:4      | Found a staircase to the Ecumenical Temple.
   882 | Temple   | Entered the Ecumenical Temple
   936 | Temple   | Became a worshipper of Xom of Chaos
   999 | D:4      | XOM: potion effect (invisibility)
  1000 | D:4      | XOM: potion effect (heal wounds)
  1005 | D:4      | XOM: potion effect (brilliance)
  1012 | D:4      | XOM: potion effect (invisibility)
  1106 | D:4      | Noticed an ogre
  1106 | D:4      | XOM: harmless Erth miscast
  1119 | D:4      | XOM: silly message
  1434 | D:1      | XOM: medium Tloc miscast
  1484 | D:1      | XOM: cloud trail
  1728 | D:1      | XOM: harmless Pois miscast
  1921 | D:1      | XOM: 3-stop teleportation journey
  2049 | D:1      | XOM: give mutation
  2049 | D:1      | Gained mutation: You are clumsy. (Dex -2) [Xom's mischief]
  2107 | D:1      | XOM: harmless Ice miscast
  2373 | D:1      | XOM: medium Conj miscast
  2794 | D:1      | XOM: give mutations
  2794 | D:1      | Gained mutation: You are frail. (-10% HP) [Xom's mischief]
  2794 | D:1      | Lost mutation: You are clumsy. (Dex -2) [Xom's mischief]
  2794 | D:1      | Gained mutation: Scrolls take you a little longer to read. [Xom's mischief]
  3066 | D:1      | XOM: summons 2 hostile demons
  3280 | D:1      | XOM is BORED!
  3280 | D:1      | XOM: stat loss: -1 Dex (11/12)
  3307 | D:1      | XOM: scenery: create altars
  3581 | D:1      | XOM: give mutations
  3581 | D:1      | Gained mutation: You possess an exceptional clarity of mind. [Xom's grace]
  3581 | D:1      | Gained mutation: You are somewhat resistant to further mutation. [Xom's grace]
  3581 | D:1      | Gained mutation: One of your tentacles bears a spike. [Xom's grace]
  3850 | D:1      | XOM: destruction
  3949 | D:1      | XOM: give mutations
  3949 | D:1      | Gained mutation: Your spells are a little harder to cast, but a little more powerful. [Xom's grace]
  3949 | D:1      | Gained mutation: You have a pair of small antennae on your head. [Xom's grace]
  3949 | D:1      | Gained mutation: Your spells are harder to cast, but more powerful. [Xom's grace]
  3989 | D:1      | XOM: 2-stop teleportation journey
  4385 | D:1      | XOM: snakes to sticks
  4513 | D:2      | XOM: give mutations
  4513 | D:2      | Gained mutation: You are partially covered in icy blue scales. (AC +2) [Xom's grace]
  4513 | D:2      | Gained mutation: You are mostly covered in icy blue scales. (AC +3) [Xom's grace]
  4513 | D:2      | Gained mutation: Your flesh is cold resistant. (rC+) [Xom's grace]
  4513 | D:2      | Gained mutation: Your spells are much harder to cast, but much more powerful. [Xom's grace]
  4780 | D:1      | XOM: give mutation
  4780 | D:1      | Lost mutation: You are frail. (-10% HP) [Xom's mischief]
  4981 | D:1      | XOM: mild Necr miscast
  4983 | D:1      | XOM: divination: detect items
  5086 | D:1      | XOM: scenery: create altars
  5977 | D:2      | XOM: cloud trail
  6159 | D:2      | XOM: cloud trail
  6313 | D:2      | XOM: give mutation
  6313 | D:2      | Gained mutation: One of your tentacles bears a nasty spike. [Xom's grace]
  6979 | D:2      | XOM: divination: detect creatures
  7043 | D:2      | XOM: scenery: create altars
  7097 | D:2      | XOM is BORED!
  7097 | D:2      | XOM: mild Chrm miscast
  7192 | D:3      | Noticed Terence
  7195 | D:3      | Reached XP level 6. HP: 42/42 MP: 6/6
  7202 | D:3      | Killed Terence
  7940 | D:3      | XOM: divination: magic mapping
  8121 | D:3      | Found a faded altar of an unknown god.
  8508 | D:3      | XOM: divination: detect creatures
  8530 | D:4      | XOM: cleaving
  8856 | D:3      | Reached XP level 7. HP: 45/46 MP: 7/7
 10081 | Temple   | XOM: harmless Chrm miscast
 10399 | D:4      | XOM: harmless Summ miscast
 10400 | D:4      | XOM: give mutation
 10400 | D:4      | Lost mutation: You are somewhat resistant to further mutation. [Xom's mischief]
 10656 | Temple   | XOM: harmless Air miscast
 10730 | D:4      | XOM: summons 3 hostile demons
 10756 | D:4      | Found Cosh's Jewellery Emporium.
 10827 | Temple   | Fell from the grace of Xom
 10827 | Temple   | Became a worshipper of Cheibriados the Contemplative
 11020 | D:5      | Reached skill level 1 in Unarmed Combat
 11037 | D:5      | Reached skill level 1 in Stealth
 11067 | D:5      | Reached skill level 1 in Evocations
 11181 | D:5      | Reached XP level 8. HP: 44/52 MP: 6/8
 11213 | D:5      | XOM: medium Air miscast
 11266 | D:5      | Reached * piety under Cheibriados
 11272 | D:5      | Lost mutation: Your spells are much harder to cast, but much more powerful. [mutagenic meat]
 11273 | D:5      | Gained mutation: You are clumsy. (Dex -2) [mutagenic meat]
 11320 | D:6      | Reached skill level 4 in Shields
 11360 | D:6      | Found a sacrificial altar of Ru.
 11398 | D:6      | XOM: 2-stop teleportation journey
 11411 | D:6      | Reached ** piety under Cheibriados
 11439 | D:6      | Reached skill level 5 in Shields
 11468 | D:6      | Reached XP level 9. HP: 55/58 MP: 9/11
 11503 | D:6      | XOM: summons 1 hostile demon
 11603 | D:6      | Noticed Zaque's ghost (novice OpTm)
 11615 | D:6      | Killed Zaque's ghost
 11647 | D:6      | Noticed Sigmund
 11650 | D:6      | Killed Sigmund
 11650 | D:6      | Reached skill level 6 in Shields
 11650 | D:6      | Reached skill level 5 in Unarmed Combat
 11774 | D:7      | Reached skill level 5 in Stealth
 11786 | D:8      | Noticed a two-headed ogre
 11807 | D:7      | Noticed Pikel
 11818 | D:7      | Killed Pikel
 11958 | D:7      | Reached *** piety under Cheibriados
 12036 | D:8      | Reached XP level 10. HP: 60/65 MP: 11/13
 12047 | D:8      | Killed a two-headed ogre
 12047 | D:8      | Reached skill level 5 in Fighting
 12047 | D:8      | Reached skill level 5 in Dodging
 12047 | D:8      | Reached skill level 7 in Shields
 12090 | D:8      | Noticed a two-headed ogre
 12095 | D:8      | Noticed Grum
 12098 | D:8      | Killed a two-headed ogre
 12104 | D:8      | Killed Grum
 12162 | D:8      | Learned a level 3 spell: Mephitic Cloud
 12275 | D:9      | Reached skill level 5 in Evocations
 12296 | D:9      | Reached skill level 1 in Invocations
 12297 | D:9      | Reached **** piety under Cheibriados
 12303 | D:9      | Reached skill level 1 in Spellcasting
 12318 | D:9      | Reached skill level 1 in Conjurations
 12333 | D:9      | Reached XP level 11. HP: 26/72 MP: 6/15
 12336 | D:9      | Found a staircase to the Lair.
 12336 | D:9      | XOM: noise
 12350 | D:9      | Reached skill level 1 in Air Magic
 12479 | D:9      | Reached skill level 1 in Poison Magic
 12505 | D:8      | Reached skill level 8 in Shields
 12524 | D:8      | Reached ***** piety under Cheibriados
 12605 | D:9      | Found Edeth's Antique Weapon Shop.
 12676 | D:10     | Entered Level 10 of the Dungeon
 12677 | D:10     | Noticed Psyche
 12696 | D:10     | XOM: medium Necr miscast
 12697 | D:10     | Noticed Erica
 12706 | D:10     | Killed Erica
 12839 | D:12     | Noticed a two-headed ogre
 12847 | D:12     | Killed a two-headed ogre
 12967 | D:12     | Noticed a cyclops
 12974 | D:12     | Killed a cyclops
 12980 | D:12     | Noticed a green ugly thing
 12988 | D:12     | Killed a green ugly thing
 12993 | D:12     | Lost mutation: Scrolls take you a little longer to read. [mutagenic meat]
 12994 | D:12     | Lost mutation: You are partially covered in thin metallic scales. (AC +2) [mutagenic meat]
 12996 | D:12     | Lost mutation: One of your tentacles bears a nasty spike. [mutagenic meat]
 13024 | D:12     | XOM: give mutations
 13024 | D:12     | Lost mutation: One of your tentacles bears a spike. [Xom's mischief]
 13024 | D:12     | Lost mutation: Your mind is acute. (Int +2) [Xom's mischief]
 13063 | D:10     | Got an encrusted hunting sling
 13064 | D:10     | Identified the +11 hunting sling of the Reaper {venom, rPois rN+ Str-3} (You found it on level 10 of the Dungeon)
 13171 | D:10     | Noticed Josephine
 13184 | D:10     | Killed Josephine
 13184 | D:10     | Reached XP level 12. HP: 79/80 MP: 14/16
 13416 | D:4      | Bought an uncursed amulet of regeneration for 390 gold pieces
 13549 | D:9      | XOM: severe Pois miscast
 13596 | Lair:1   | Entered Level 1 of the Lair of Beasts
 13732 | Lair:1   | XOM: 1-stop teleportation journey
 13760 | Lair:1   | Noticed Gastronok
 13769 | Lair:1   | Killed Gastronok
 13769 | Lair:1   | Reached skill level 9 in Shields
 13967 | Lair:2   | Reached skill level 5 in Invocations
 14052 | Lair:2   | Found a staircase to the Snake Pit.
 14263 | Lair:3   | Found a staircase to the Swamp.
 14282 | Lair:3   | Reached XP level 13. HP: 69/86 MP: 18/18
 14405 | Lair:3   | Found a frozen archway.
 14414 | IceCv    | Entered an ice cave
 14414 | IceCv    | Noticed Rrauwl's ghost (adept MiWr)
 14504 | Lair:4   | Learned a level 6 spell: Statue Form
 14593 | Lair:3   | XOM: stat loss: -2 Dex (25/27)
 14621 | Lair:4   | Reached skill level 1 in Transmutations
 14633 | Lair:4   | Reached skill level 1 in Earth Magic
 14693 | Lair:5   | Reached skill level 10 in Shields
 14841 | Lair:6   | Entered Level 6 of the Lair of Beasts
 14844 | Lair:6   | Noticed Kirke
 15034 | Lair:6   | Identified a scroll of acquirement
 15244 | Lair:6   | XOM: medium Summ miscast
 15299 | Lair:6   | Found a staircase to the Slime Pits.
 15400 | Lair:6   | Found a runed door.
 15439 | Lair:6   | Reached XP level 14. HP: 92/92 MP: 20/20
 15455 | Lair:6   | XOM: cloud trail
 15469 | Lair:6   | Reached skill level 5 in Earth Magic
 15517 | Lair:6   | Reached ****** piety under Cheibriados
 15521 | Lair:6   | XOM: swap monsters
 15550 | Lair:6   | Reached skill level 11 in Shields
 15590 | Lair:6   | Reached skill level 5 in Transmutations
 15771 | Lair:1   | XOM: severe Tloc miscast
 15807 | Lair:1   | Identified the Volume of the Blaze and Hexes
 15815 | Lair:1   | Learned a level 4 spell: Sticky Flame
 15822 | Lair:1   | Learned a level 6 spell: Iron Shot
 15852 | Lair:1   | XOM: cloud trail
 15924 | D:9      | XOM: medium Tmut miscast
 15974 | D:10     | XOM: summons 1 hostile demon
 16008 | D:11     | Lost mutation: You are clumsy. (Dex -2) [mutagenic meat]
 16049 | D:11     | Gained mutation: Your mind is acute. (Int +2) [mutagenic meat]
 16050 | D:11     | Gained mutation: You are occasionally teleported next to monsters. [mutagenic meat]
 16071 | D:11     | Found Nolytum's Armour Shop.
 16072 | D:11     | Found a staircase to the Orcish Mines.
 16077 | D:11     | Reached skill level 5 in Spellcasting
 16101 | Orc:1    | Entered Level 1 of the Orcish Mines
 16121 | Orc:1    | Noticed an orc warlord
 16183 | Orc:1    | Killed an orc warlord
 16236 | Orc:1    | XOM: stat loss: -3 Dex (29/32)
 16282 | Orc:1    | Found a roughly hewn altar of Beogh.
 16285 | Orc:2    | Entered Level 2 of the Orcish Mines
 16310 | Orc:2    | Found Xorov's Gadget Emporium.
 16332 | Orc:1    | Noticed Nergalle
 16337 | Orc:1    | Killed Nergalle
 16387 | Orc:1    | XOM: give mutations
 16387 | Orc:1    | Gained mutation: You are frail. (-10% HP) [Xom's mischief]
 16387 | Orc:1    | Lost mutation: Your spells are harder to cast, but more powerful. [Xom's mischief]
 16387 | Orc:1    | Lost mutation: Your spells are a little harder to cast, but a little more powerful. [Xom's mischief]
 16500 | Orc:2    | Found a staircase to the Elven Halls.
 16538 | Orc:2    | Found a roughly hewn altar of Beogh.
 16553 | Orc:2    | Noticed an orc warlord
 16722 | Orc:2    | Found Ysoll's Jewellery Boutique.
 16811 | Orc:2    | Bought the ring "Esacamm" {Fire Str+4 Dex+2} for 624 gold pieces
 16811 | Orc:2    | Bought a +3 ring of evasion for 294 gold pieces
 16833 | Orc:2    | XOM: fog
 16860 | Orc:2    | Reached skill level 12 in Shields
 16867 | Orc:2    | Killed an orc warlord
 16867 | Orc:2    | Reached XP level 15. HP: 81/87 MP: 4/24
 16897 | Orc:2    | Found Riduas's General Store.
 16898 | Orc:2    | Found Bycheusm's Jewellery Emporium.
 16900 | Orc:2    | Found Wagyci's Antique Armour Emporium.
 16900 | Orc:2    | Found Xyqext's Antique Weapon Shoppe.
 17054 | Orc:2    | XOM: give mutation
 17054 | Orc:2    | Gained mutation: Scrolls take you a little longer to read. [Xom's mischief]
 17357 | D:14     | You fall through a shaft!
 17357 | D:15     | Entered Level 15 of the Dungeon
 17367 | D:15     | XOM: medium Summ miscast
 17367 | D:15     | Was forgiven by Xom
 17491 | D:15     | Lost mutation: You are occasionally teleported next to monsters. [mutagenic meat]
 17492 | D:15     | Lost mutation: Your mind is acute. (Int +2) [mutagenic meat]
 17495 | D:15     | Gained mutation: Your spells are a little harder to cast, but a little more powerful. [mutagenic meat]
 17500 | D:15     | Lost mutation: Your flesh is cold resistant. (rC+) [mutagenic meat]
 17505 | D:15     | Gained mutation: You occasionally shout uncontrollably at your foes. [mutagenic meat]
 17506 | D:15     | Gained mutation: Your magical capacity is low. (-10% MP) [mutagenic meat]
 17617 | D:15     | Found a staircase to the Depths.
 17829 | D:13     | Learned a level 5 spell: Yara's Violent Unravelling
 18036 | D:13     | Cast into level 2 of the Abyss (a wizard)
 18109 | Abyss:2  | Reached skill level 13 in Shields
 18221 | Abyss:2  | Engulfed by a cloud of freezing vapour

Vault maps used:
D:1:      kennysheep_arrival_seaside, corexii_hall_statues_u
D:2:      nemelex_xobeh_ov_fountains_minmay
D:3:      chequers_ecumenical_altar_grove, first_bread, uniq_terence
D:4:      temple_statues, serial_shops, shop
D:5:      cheibrodos_gnoll_hut
D:6:      lemuel_zombie_altar_kikubaaqudgha,
          nicolae_ru_great_annihilating_truth, uniq_sigmund, uniq_duvessa
D:7:      hangedman_decor_slide_cut, grunt_livestock, uniq_pikel
D:8:      serial_ice, serial_ice_f, serial_ice_e, serial_ice_c, serial_ice_a,
          serial_ice_b, serial_ice_k, uniq_grum
D:9:      due_lair_maze_entry_diamond, serial_shops, kennysheep_little_box
D:10:     uniq_josephine, uniq_urug, uniq_erica, uniq_psyche
D:11:     orc_david_3, hangedman_misty_isle
D:13:     statuecave_lemuel, grunt_vaults_entry_tiered, serial_shops,
          nicolae_shop_statue_plus
D:14:     serial_shops, shop
D:15:     gammafunk_depths_entry_grave, serial_park_square3
Temple:   compressed_dpeg_circular_temple
Lair:1:   dragon1_lemuel, uniq_gastronok
Lair:2:   minmay_snake_entry_guardpost_medium, infiniplex_staircase_pool_2
Lair:3:   swamp_mist, portal_ice_cave_rime, minmay_hedge_maze,
          lemuel_centaur_altar, infiniplex_staircase_pool
Lair:4:   serial_bayou, serial_bayou_pond_d, serial_bayou_pond_d,
          serial_bayou_lagoon_a, serial_bayou_lake_a, minivault_25,
          beast_lair_carwin_6
Lair:5:   forest_entry_grove, lemuel_fruit_fields
Lair:6:   wormcave, slime_dummy, lemuel_fruit_tree, lemuel_fruit_fields,
          uniq_kirke
Orc:1:    basic_altar, uniq_nergalle
Orc:2:    st_orc_congregation, serial_shops, shop, shop_fountains, basic_altar
IceCv:    ice_cave_statue_garden_teleport

Skill      XL: |  1  2  3  4  5  6  7  8  9 10 11 12 13 14 15 |
---------------+----------------------------------------------+-----
Long Blades    | 3 4 5 6 7 8 9 |  9.2
Unarmed Combat | 1 4 5 7 |  7.5
Stealth        | 2 3 5 6 8 9 |  9.2
Evocations     | 1 2 4 5 6 7 |  7.0
Shields        | 5 6 7 8 9 10 12 13 | 13.0
Dodging        | 4 5 6 7 |  7.4
Fighting       | 4 5 6 7 |  7.5
Invocations    | 1 4 5 7 |  7.7
Spellcasting   | 1 2 3 4 6 7 |  7.1
Conjurations   | 1 2 3 |  3.8
Air Magic      | 2 4 |  4.2
Poison Magic   | 2 4 |  4.7
Transmutations | 4 7 9 |  9.1
Earth Magic    | 4 7 9 |  9.2

Action                   |  1- 3 |  4- 6 |  7- 9 | 10-12 | 13-15 || total
-------------------------+-------+-------+-------+-------+-------++-------
Melee: Long sword        |    29 |   137 |   196 |   139 |       ||   501
       Constrict         |     8 |    43 |    46 |    47 |   136 ||   280
       Tentacles         |     4 |    27 |    62 |   115 |   322 ||   530
       Kick              |       |    27 |    97 |   120 |       ||   244
       Punch             |       |       |    10 |    33 |    90 ||   133
       Scimitar          |       |       |       |   129 |   642 ||   771
 Cast: Statue Form       |       |       |       |       |     9 ||     9
       Mephitic Cloud    |       |       |       |       |     2 ||     2
Invok: Slouch            |       |       |       |     3 |    12 ||    15
       Temporal Distorti |       |       |       |       |     4 ||     4
Evoke: Wand              |       |       |     1 |     6 |     4 ||    11
  Use: Potion            |     4 |     3 |     4 |     4 |     5 ||    20
       Scroll            |       |     4 |     4 |     9 |    16 ||    33
 Stab: Sleeping          |     5 |     9 |     8 |    12 |    19 ||    53
       Invisible         |     2 |       |     3 |       |       ||     5
       Distracted        |     1 |       |       |       |     4 ||     5
       Paralysed         |       |       |     1 |       |     2 ||     3
       Confused          |       |       |       |       |     1 ||     1
  Eat: Chunk             |       |    23 |    12 |     9 |    25 ||    69
       Royal jelly       |       |       |     1 |       |     4 ||     5
Armor: Skin              |     2 |    22 |    22 |    23 |    75 ||   144
Dodge: Dodged            |    14 |    89 |   126 |   175 |   506 ||   910
Block: Shield            |     6 |    58 |    88 |   163 |   555 ||   870
       Rpst.: Long sword |     5 |    29 |    42 |    25 |       ||   101
       Scimitar          |       |       |       |    31 |   128 ||   159
